Map: Lightshade LE

Players

Dolan

  • Race: Terran Terran

Scarlett - Winner!

  • Race: Zerg Zerg

Event: DreamHack SC2 Masters 2021 Winter

VOD

Have the link to the VOD?

Description

Time

  • Played on: Oct. 6, 2021, 6:17 p.m.
  • Length: 9:35

All games in this series

Show
View Real Time Build Order
Export as new Build Order

Dolan Terran 

Build Orders:  

Get SALT Encoding   

  12  0:00  SCV  
  13  0:12  SCV  
  14  0:17  Supply Depot  
  14  0:24  SCV  
  15  0:39  Barracks  
  15  0:49  Barracks  
  15  0:53  SCV  
  16  1:05  SCV  
  16  1:06  Refinery  
  17  1:17  SCV  
  18  1:26  Marine  
  18  1:29  Orbital Command  
  19  1:37  Marine  
  19  1:39  Supply Depot  
  20  1:42  Bunker  
  20  1:46  Marine  
  21  1:57  Marine  
  22  2:04  Marine  
  22  2:15  SCV, Marine  
  22  2:18  Factory  
  22  2:36  Marine x2  
  22  2:37  SCV  
  23  2:49  SCV  
  24  3:02  Factory Reactor  
  24  3:05  Command Center  
  24  3:08  SCV  
  24  3:11  Starport  
  25  3:17  Refinery  
  25  3:20  SCV  
  25  3:21  Supply Depot  
  26  3:32  SCV  
  27  3:40  Hellion x2  
  31  3:46  SCV  
  32  3:51  Medivac  
  34  3:57  Supply Depot  
  34  4:01  SCV  
  35  4:03  Hellion  
  35  4:04  Barracks Tech Lab  
  35  4:05  Hellion  
  39  4:17  SCV, Marine  
  41  4:28  Supply Depot  
  41  4:36  Stimpack  
  41  4:38  Marine  
  41  4:39  SCV, Orbital Command  
  41  4:42  Factory Tech Lab  
  43  4:49  Starport Reactor  
  43  4:51  SCV  
  44  4:53  Marine x2  
  44  4:56  Marine  
  47  5:00  Supply Depot  
  47  5:04  SCV  
  48  5:13  Siege Tank, Marine x2  
  48  5:14  SCV, Marine  
  43  5:16  SCV  
  46  5:23  Supply Depot  
  46  5:26  Medivac x2  
  46  5:28  SCV  
  51  5:31  SCV  
  51  5:33  Marine x2  
  51  5:34  Marine  
  55  5:45  SCV x2, Siege Tank  
  60  5:55  Command Center  
  60  5:59  Marine x3  
  60  6:03  SCV x2  
  65  6:11  Barracks  
  65  6:14  Starport Reactor  
  65  6:16  SCV x2  
  65  6:18  Combat Shield  
  67  6:19  Marine x3  
  70  6:28  SCV x2  
  72  6:38  Marine x3  
  74  6:40  SCV x2  
  72  6:49  Siege Tank  
  72  6:51  Refinery  
  72  6:52  Refinery  
  75  6:56  Marine x3  
  75  6:57  Engineering Bay  
  75  7:00  Engineering Bay  
  78  7:02  Marine x2  
  80  7:12  SCV x2, Orbital Command  
  80  7:13  Marine  
  82  7:28  Medivac x2  
  83  7:31  Marine  
  83  7:32  Marine x4  
  83  7:33  SCV x2  
  90  7:39  Terran Infantry Weapons Level 1, Terran Infantry Armor Level 1  
  79  7:49  Marine x3  
  79  7:50  Marine x2  
  72  7:58  SCV  
  72  7:59  SCV x2  
  72  8:02  Siege Tank  
  72  8:05  Barracks  
  78  8:06  Barracks, Orbital Command  
  78  8:17  Armory  
  78  8:26  SCV x2  
  80  8:27  Marine x5  
  80  8:28  Medivac x2  
  80  8:33  Factory  
  89  8:38  SCV x2  
  89  8:39  SCV  
  89  8:47  Marine  
  89  8:48  Marine x4  
  94  8:49  Siege Tank  
  94  8:53  Bunker  
  97  9:05  Barracks Tech Lab x2  
  97  9:06  Marauder  
  61  9:24  Factory Tech Lab  
Show
View Real Time Build Order
Export as new Build Order

Scarlett Zerg - Winner!

Build Orders: Hatch First 

Get SALT Encoding   

  12  0:00  Drone  
  13  0:12  Overlord  
  13  0:17  Drone  
  14  0:30  Drone x2  
  16  0:47  Hatchery  
  15  0:51  Drone  
  15  0:53  Drone  
  17  0:57  Drone  
  18  1:08  Extractor  
  17  1:12  Spawning Pool  
  17  1:15  Drone  
  17  1:19  Drone  
  18  1:28  Drone  
  19  1:44  Drone  
  20  1:50  Drone  
  21  2:00  Zergling x4, Spine Crawler  
  22  2:02  Queen  
  22  2:10  Drone  
  22  2:14  Drone  
  21  2:30  Drone x2  
  23  2:37  Drone x2  
  23  2:43  Drone x2  
  26  2:53  Overlord  
  26  2:54  Drone  
  27  3:09  Overlord  
  27  3:11  Queen x2  
  31  3:14  Drone x2  
  31  3:15  Drone  
  34  3:21  Metabolic Boost  
  34  3:27  Drone  
  34  3:31  Drone  
  36  3:39  Drone x2  
  36  3:40  Drone  
  36  3:41  Drone  
  40  3:44  Hatchery  
  39  3:50  Overlord  
  39  3:54  Queen  
  41  3:57  Overlord  
  41  4:03  Overlord  
  41  4:11  Drone, Overlord  
  41  4:12  Drone  
  41  4:15  Queen  
  45  4:18  Drone  
  45  4:22  Zergling x8  
  50  4:29  Spore Crawler  
  50  4:30  Spore Crawler  
  48  4:32  Queen  
  48  4:36  Zergling x4  
  51  4:46  Drone x4  
  51  4:50  Drone  
  56  4:54  Drone  
  56  4:55  Drone x2  
  59  5:12  Drone x7  
  66  5:16  Lair  
  66  5:18  Extractor  
  66  5:20  Drone x4  
  66  5:21  Baneling Nest  
  68  5:25  Overlord  
  68  5:26  Drone  
  69  5:30  Overlord  
  69  5:34  Drone x4  
  74  5:40  Extractor, Roach Warren  
  72  5:43  Extractor  
  72  5:45  Extractor  
  72  5:49  Overlord  
  71  5:50  Drone x8  
  71  5:56  Drone x2, Evolution Chamber  
  79  5:57  Evolution Chamber  
  79  5:58  Drone  
  79  6:03  Drone x4  
  83  6:04  Extractor  
  83  6:07  Spore Crawler  
  81  6:16  Drone x5  
  85  6:26  Roach  
  85  6:27  Roach x6  
  85  6:29  Zerg Missile Weapons Level 1  
  94  6:46  Roach  
  90  6:47  Overlord x5  
  90  6:49  Zerg Ground Armor Level 1  
  90  6:55  Overlord x4  
  90  7:09  Roach  
  90  7:10  Ravager, Roach x8  
  90  7:11  Ravager x2  
  111  7:16  Roach  
  111  7:17  Roach  
  115  7:26  Roach x5  
  119  7:30  Roach  
  119  7:31  Ravager x2  
  119  7:32  Roach  
  119  7:36  Glial Reconstitution  
  124  7:42  Roach x2  
  110  7:51  Drone x2  
  110  7:52  Roach x4, Extractor  
  117  7:58  Roach x2  
  117  8:00  Queen x2  
  117  8:01  Queen  
  123  8:11  Roach x3  
  129  8:17  Overlord x2  
  129  8:21  Hatchery  
  129  8:24  Roach x2  
  132  8:28  Roach  
  132  8:29  Ravager x5  
  132  8:31  Roach  
  141  8:42  Roach x6  
  153  8:53  Roach x3  
  159  8:57  Roach  
  161  9:06  Roach x4  
  161  9:07  Roach  
  165  9:13  Roach x5  

Tags
 
Add a new tag
Caveats
  • Supply blocks, unpowered buildings, or Contaminate may cause inaccurate times.
  • Supply counts are checked every 10 seconds.